 Dungeon Crawl Stone Soup version 0.15-a0-734-g2b8d6ef (webtiles) character file.

21 PolkaDot the Caller (level 2, -2/19 HPs)
             Began as a Vampire Summoner on May 11, 2014.
             Slain by a goblin
             ... wielding a +0,+0 club
              (3 damage)
             ... on Level 1 of the Dungeon.
             The game lasted 00:03:01 (970 turns).

PolkaDot the Caller (Vampire Summoner)               Turns: 970, Time: 00:03:02

HP  -2/19        AC  2     Str  7      XL: 2   Next: 65%
MP   3/4         EV 12     Int 17      God:
Gold 10          SH  0     Dex 14      Spells:  1 memorised,  4 levels left

rFire  . . .     SeeInvis +     d - +0 whip
rCold  . . .     Clarity  .     a - +0 robe
rNeg   . . .     Conserve .     (no shield)
rPois  .         rCorr    .     (no helmet)
rElec  .         rRot     .     (no cloak)
SustAb . .       Spirit   .     (no gloves)
rMut   .         Warding  .     (no boots)
Gourm  .         Stasis   .     (no amulet)
MR     .....                    (no ring)
                                (no ring)

@: regenerating quickly, not resistant to hostile enchantments, unstealthy
A: fangs 3, see invisible, unbreathing
a: no special abilities


You were on level 1 of the Dungeon.
You were full.

You visited 1 branch of the dungeon, and saw 1 of its levels.

You collected 10 gold pieces.

Inventory:

Hand weapons
 d - a +0,+0 whip (weapon)
Missiles
 c - 7 darts (quivered)
 h - 5 darts of flame
Armour
 a - a +0 robe (worn)
Scrolls
 e - a scroll of enchant weapon II {unknown}
 f - 2 scrolls of enchant armour {unknown}
 g - a scroll of immolation {unknown}
Books
 b - a book of Callings

   Spells                             Type                      Level
   *Summon Small Mammal               Summoning                    1
   Call Imp                           Summoning                    2
   Call Canine Familiar               Summoning                    3
   Summon Guardian Golem              Hexes/Summoning              4
   Summon Lightning Spire             Summoning/Air                4
   Summon Ice Beast                   Ice/Summoning                4


   Skills:
 - Level 2.1 Dodging
 - Level 3.0 Stealth
 - Level 2.2 Spellcasting
 * Level 4.6 Summonings


You had 4 spell levels left.
You knew the following spells:

 Your Spells              Type           Power        Failure   Level  Hunger
a - Summon Small Mammal   Summ           ###.         2%          1    #......


Dungeon Overview and Level Annotations

Branches:
Dungeon (1/15)

Altars:


Innate Abilities, Weirdness & Mutations

Your natural rate of healing is unusually fast.
You have razor-sharp teeth.
You have supernaturally acute eyesight.
You can survive without breathing.


Message History

Your surroundings suddenly seem different.
A goblin comes into view. It is wielding a club.
The goblin shouts!
The goblin hits you with a club.
You completely miss the goblin. The goblin hits you with a club.
You closely miss the goblin. The goblin hits you with a club.
You are too injured to fight recklessly!
You are too injured to fight recklessly!
You barely miss the goblin. The goblin hits you with a club.
You barely miss the goblin. The goblin hits you with a club.
* * * LOW HITPOINT WARNING * * *
You closely miss the goblin. The goblin hits you but does no damage.
You closely miss the goblin. The goblin hits you with a club.
* * * LOW HITPOINT WARNING * * *
Casting: Summon Small Mammal
Confirm with . or Enter, or press ? or * to list all spells.
Your quokka bites the goblin.
Your quokka barely misses the goblin.
The goblin hits you with a club.
You die...

#.#..........>.............#..
#...........#.#.########.#.#..
#####.#######.#.## #...#..
#.............# ###.#..
#.............# #)##.
#.....).......# ######.###
#........r....# #......###
##........g#.#####.####.##.
#........@#..........#.#..
#.#######.#######.#....#.. #.#
#.................#..
##.####.##.########...#.#..
#.......##.#..........#.#..
##########.#.#####..###.#..
#....................#'.
#..........##.#.......##
#.............#..#......


You could see a goblin and a friendly quokka.

Vanquished Creatures
  2 giant geckos (D:1)
  An ooze (D:1)
  A bat (D:1)
  2 giant cockroaches (D:1)
  3 hobgoblins (D:1)
  2 kobolds (D:1)
  A giant newt (D:1)
  3 goblins (D:1)
  A rat (D:1)
16 creatures vanquished.

Vanquished Creatures (collateral kills)
  A goblin (D:1)
  A bat (D:1)
  A giant newt (D:1)
  A kobold (D:1)
4 creatures vanquished.

Grand Total: 20 creatures vanquished

Notes
Turn   | Place    | Note
--------------------------------------------------------------
     0 | D:1      | PolkaDot, the Vampire Summoner, began the quest for the Orb.
     0 | D:1      | Reached XP level 1. HP: 13/13 MP: 3/3
   221 | D:1      | Reached XP level 2. HP: 16/19 MP: 4/4
   970 | D:1      | Slain by a goblin

Action                   || total
-------------------------++-------
Melee: Unarmed           ||    41
       Whip              ||    43
Throw: Dart              ||     1
 Cast: Summon Small Mamm ||    13
  Use: Potion            ||     1
 Stab: Sleeping          ||     3
